 Dungeon Crawl Stone Soup version 0.18-b1-14-g029dad2 (webtiles) character file.

556 Wooh the Ruffian (level 7, -2/61 HPs)
             Began as a Ghoul Monk on Apr 30, 2016.
             Was a Believer of Cheibriados.
             Slain by a two-headed ogre
             ... wielding a +0 giant spiked club
              (7 damage)
             ... on level 5 of the Dungeon.
             The game lasted 00:12:37 (3612 turns).

Wooh the Ruffian (Ghoul Monk)                       Turns: 3612, Time: 00:12:38

Health: -2/61      AC:  8    Str: 19    XL:     7   Next: 30%
Magic:  6/6        EV: 10    Int:  9    God:    Cheibriados [**....]
Gold:   162        SH:  4    Dex: 17    Spells: 0 memorised, 6 levels left

rFire  . . .     SeeInvis .       - Unarmed
rCold  + . .     Gourm    .     k - +0 scale mail
rNeg   + + +     Faith    .     q - +0 buckler (curse)
rPois  ∞         Spirit   .     (no helmet)
rElec  .         Dismiss  .     (no cloak)
rCorr  .         Reflect  .     (no gloves)
SustAt .         Harm     .     d - +0 pair of boots
MR     .....                    (no amulet)
Stlth  +.........               (no ring)
                                (no ring)

@: rotting, very slow, not resistant to hostile enchantments, very unstealthy
A: rotting body, claws 1, carnivore 3, cold resistance 1, negative energy
resistance 3, slow regeneration 1, torment resistance, unbreathing
a: Bend Time, Renounce Religion


You were on level 5 of the Dungeon.
You worshipped Cheibriados.
Cheibriados was pleased with you.
You were not hungry.

You visited 2 branches of the dungeon, and saw 6 of its levels.

You collected 162 gold pieces.

Inventory:

Missiles
 g - 44 bolts
 i - 106 stones (quivered)
 t - a throwing net
Armour
 d - a +0 pair of boots (worn)
 k - a +0 scale mail (worn)
 q - a cursed +0 buckler (worn)
Scrolls
 e - a scroll of enchant armour
 h - a scroll of torment {unknown}
 l - 3 scrolls of remove curse {unknown}
 m - 2 scrolls of teleportation
 n - a scroll of noise {unknown}
 o - 2 scrolls of amnesia {unknown}
Potions
 a - a potion of cure mutation {unknown}
 c - 3 potions of curing
 j - 2 potions of heal wounds {unknown}
 p - a potion of invisibility {unknown}
 r - a potion of berserk rage {unknown}
 s - a potion of resistance {unknown}
Comestibles
 b - 3 meat rations


   Skills:
 - Level 5.2 Fighting
 - Level 3.3 Armour
 - Level 2.6 Dodging
 - Level 2.1 Stealth
 + Level 7.2 Unarmed Combat


You had 6 spell levels left.
You didn't know any spells.

Dungeon Overview and Level Annotations

Branches:
Dungeon (5/15)             Temple (1/1) D:4

Altars:
Ashenzari
Cheibriados
Elyvilon
Fedhas
Gozag
Kikubaaqudgha
Nemelex Xobeh
Qazlal
Ru
Sif Muna
Xom
Zin
The Shining One

Shops:
D:4 *

Annotations:
D:3 Shenda's ghost, amateur DrSk


Innate Abilities, Weirdness & Mutations

Your body is rotting away.
You thrive on raw meat.
You are immune to poison.
You have sharp fingernails.
You are carnivorous and can eat meat at any time.
Your flesh is cold resistant.
You are immune to negative energy.
You regenerate slowly when monsters are visible.
You are immune to unholy pain and torment.
You can survive without breathing.


Message History

You claw the two-headed ogre!
The two-headed ogre is almost dead.
The two-headed ogre barely misses you.
The two-headed ogre hits you with a giant club.
You barely miss the two-headed ogre.
The two-headed ogre is almost dead.
The two-headed ogre barely misses you. x2
You barely miss the two-headed ogre.
The two-headed ogre is severely wounded.
You scratch the two-headed ogre.
The two-headed ogre is almost dead.
The two-headed ogre barely misses you.
The two-headed ogre hits you with a giant club!
* * * LOW HITPOINT WARNING * * *
You barely miss the two-headed ogre.
The two-headed ogre is almost dead.
The two-headed ogre hits you with a giant spiked club.
* * * LOW HITPOINT WARNING * * *
The two-headed ogre hits you with a giant club!
You die...

..... .......
.......
..>....############
...<..........>....
.........##########
?......#..##
[..........#
.......@†..#
......O.....# ##
.........!..... ..
# ............###
#. # ............#
#. # ............#
#.#####
............#
#......
...........##
#....## #......


You could see a two-headed ogre.

Vanquished Creatures
  2 ogres
  A giant frog (D:5)
  An orc priest (D:4)
  An iguana (D:4)
  2 orc wizards
  A gnoll (D:1)
  8 adders
  2 oozes
  2 worms
  4 dart slugs
  2 giant geckos
  17 orcs
  2 giant cockroaches (D:1)
  7 goblins
  10 hobgoblins
  5 jackals
  A quokka (D:3)
  A ball python (D:3)
  10 bats
  A giant gecko skeleton (D:4)
  7 giant newts
  8 kobolds
  5 rats
100 creatures vanquished.

Notes
Turn   | Place    | Note
--------------------------------------------------------------
     0 | D:1      | Wooh the Ghoul Monk began the quest for the Orb.
     0 | D:1      | Reached XP level 1. HP: 19/19 MP: 0/0
   372 | D:1      | Reached XP level 2. HP: 24/27 MP: 1/1
   632 | D:1      | Reached XP level 3. HP: 9/34 MP: 2/2
  1324 | D:2      | Reached skill level 5 in Fighting
  1416 | D:2      | Reached XP level 4. HP: 39/42 MP: 3/3
  1712 | D:3      | Reached skill level 1 in Armour
  1736 | D:3      | Noticed Shenda's ghost (amateur DrSk)
  1875 | D:3      | Reached skill level 5 in Unarmed Combat
  1875 | D:3      | Reached XP level 5. HP: 29/46 MP: 4/4
  2518 | D:4      | Reached XP level 6. HP: 19/55 MP: 5/5
  2660 | D:4      | Found Meumu's Elemental Accessories.
  2679 | D:4      | Reached skill level 6 in Unarmed Combat
  2945 | D:4      | Found a staircase to the Ecumenical Temple.
  2966 | Temple   | Entered the Ecumenical Temple
  2980 | Temple   | Became a worshipper of Cheibriados the Contemplative
  2980 | Temple   | Reached * piety under Cheibriados
  2980 | Temple   | Reached ** piety under Cheibriados
  3124 | D:4      | Found a stormy altar of Qazlal.
  3391 | D:5      | Entered Level 5 of the Dungeon
  3415 | D:5      | Reached XP level 7. HP: 48/61 MP: 6/6
  3435 | D:5      | Reached skill level 7 in Unarmed Combat
  3597 | D:5      | Noticed a two-headed ogre
  3612 | D:5      | Slain by a two-headed ogre

Skill      XL: |  1  2  3  4  5  6  7 |
---------------+----------------------+-----
Fighting       | 4 5 |  5.2
Armour         | 1 2 3 |  3.3
Unarmed Combat | 5 6 7 |  7.2
Dodging        | |  2.6
Stealth        | |  2.1

Action                   |  1- 3 |  4- 6 |  7- 9 || total
-------------------------+-------+-------+-------++-------
Melee: Unarmed           |   106 |   221 |    31 ||   358
       Punch             |     1 |       |       ||     1
Throw: Stone             |     5 |       |     4 ||     9
  Use: Scroll            |       |     5 |       ||     5
 Stab: Sleeping          |     5 |       |       ||     5
  Eat: Chunk             |     3 |     6 |     1 ||    10
Armor: Robe              |    11 |       |       ||    11
       Scale mail        |    11 |    72 |    10 ||    93
Dodge: Dodged            |    54 |    86 |    13 ||   153
Block: Buckler           |       |    22 |     4 ||    26
